 Dungeon Crawl Stone Soup version 0.30.1-11-g7821555f0a (webtiles) character file.

Game seed: 9413569540640267204

37 lonewolfV2 the Trooper (level 3, -7/29 HPs)
             Began as a Demonspawn Fighter on Oct 30, 2023.
             Mangled by Terence
             ... wielding a +0 short sword
              (8 damage)
             ... on level 2 of the Dungeon.
             The game lasted 00:01:45 (916 turns).

lonewolfV2 the Trooper (Demonspawn Fighter)          Turns: 916, Time: 00:01:45

Health: -7/29      AC:  7    Str: 18    XL:     3   Next: 21%
Magic:  3/3        EV:  9    Int:  9    God:
Gold:   41         SH:  6    Dex: 12    Spells: 2/2 levels left

rFire   . . .        a - +0 war axe
rCold   . . .        f - +2 buckler
rNeg    . . .        b - +0 scale mail
rPois   .            (no helmet)
rElec   .            (no cloak)
rCorr   .            j - +0 pair of gloves
SInv    .            (no boots)
Will    .....        (no amulet) Stlth
                     (no ring)
HPRegen 0.24/turn    (no ring)
MPRegen 0.08/turn

%: no passive effects
@: no status effects
A: powered by pain 2
a: no special abilities


You were on level 2 of the Dungeon.
You visited 1 branch of the dungeon, and saw 2 of its levels.

You collected 41 gold pieces.

Inventory:

Hand Weapons
 a - a +0 war axe (weapon)
Armour
 b - a +0 scale mail (worn)
 f - a +2 buckler (worn)
 j - a +0 pair of gloves (worn)
Potions
 d - a potion of might
 i - a potion of brilliance {unknown}


   Skills:
 - Level 3.0 Fighting
 - Level 1.7 Axes
 + Level 3.0 Armour
 * Level 1.8 Dodging
 + Level 3.0 Shields


You had 2 spell levels left.
You didn't know any spells.
Your spell library was empty.

Dungeon Overview and Level Annotations

Branches:
Dungeon (2/15)

Altars:

Shops:
D:1 =

Annotations:
D:2 Terence


Innate Abilities, Weirdness & Mutations

You sometimes gain power by taking damage.


Message History

You hit the hobgoblin.
The hobgoblin is lightly wounded.
You feel sick.
You are no longer poisoned.
You block the hobgoblin's attack.
The hobgoblin hits you but does no damage.
You closely miss the hobgoblin.
The hobgoblin is lightly wounded.
You closely miss the kobold.
Terence shouts!
You block the hobgoblin's attack.
You closely miss the kobold. You slash the hobgoblin!
You kill the hobgoblin!
The kobold completely misses you.
You hit the kobold.
The kobold is moderately wounded.
You miss the kobold. The kobold closely misses you.
The kobold hits you with a +0 short sword. x2
The kobold hits you but does no damage.
You hit the kobold.
The kobold is severely wounded.
You slash the kobold!
You kill the kobold!
You block the kobold's attack.
You closely miss the kobold.
The kobold is severely wounded.
You barely miss Terence.
Terence drinks a potion.
Terence seems to grow stronger.
The kobold hits you but does no damage. Terence hits you with a +0 short sword.
The kobold closely misses you.
You barely miss Terence. You hit the kobold.
You kill the kobold!
Terence hits you with a +0 short sword!
* * * LOW HITPOINT WARNING * * *
You slash Terence!
Terence is heavily wounded.
Terence asks, "Do you want it fast or slow?"
Terence hits you with a +0 short sword.
* * * LOW HITPOINT WARNING * * *
Terence hits you with a +0 short sword!
You die...

#.# ... ... #.#
# #.# .. ##.##
.( ##...##.###
..####@@........
.......)..##.##
.#####.#.##
#.##.## #...#.#
####.## #.# #.#
#####.###


You could see Terence (strong).

Vanquished Creatures
  An adder (D:2)
  A dart slug (D:1)
  2 endoplasms (D:1)
  2 giant cockroaches (D:1)
  4 hobgoblins
  2 ball pythons (D:1)
  4 bats (D:1)
  A frilled lizard (D:1)
  3 goblins
  3 kobolds
  4 rats (D:1)
27 creatures vanquished.

Notes
Turn   | Place    | Note
-------+----------+-------------------------------------------
     0 | D:1      | lonewolfV2 the Demonspawn Fighter began the quest for the
                  | Orb.
     0 | D:1      | Reached XP level 1. HP: 18/18 MP: 1/1
     0 | D:1      | Noticed an orb of fire
     0 | D:1      | Noticed a shadow dragon
     1 | D:1      | Noticed a tentacled monstrosity
     3 | D:1      | Noticed a tentacled monstrosity
     3 | D:1      | Noticed a golden dragon
     7 | D:1      | Noticed an iron dragon
     8 | D:1      | Noticed an ice dragon
     9 | D:1      | Noticed a red draconian
    12 | D:1      | Noticed an orb of fire
    12 | D:1      | Noticed a large abomination
    14 | D:1      | Noticed a large abomination
    14 | D:1      | Noticed an ice dragon
    16 | D:1      | Noticed a white draconian
    16 | D:1      | Noticed a red draconian
    18 | D:1      | Noticed an iron dragon
    18 | D:1      | Noticed an orb of fire
    18 | D:1      | Noticed a shadow dragon
    20 | D:1      | Noticed an ice dragon
    20 | D:1      | Noticed an ice dragon
    22 | D:1      | Noticed a tentacled monstrosity
   147 | D:1      | Found Bazax's Jewellery Emporium.
   176 | D:1      | Reached skill level 1 in Dodging
   176 | D:1      | Gained mutation: You sometimes gain a little power by
                  | taking damage. [demonic ancestry]
   176 | D:1      | Reached XP level 2. HP: 23/24 MP: 2/2
   725 | D:1      | Found a faded altar of an unknown god.
   904 | D:2      | Noticed Terence
   907 | D:2      | Gained mutation: You sometimes gain power by taking damage.
                  | [demonic ancestry]
   907 | D:2      | Reached XP level 3. HP: 19/29 MP: 3/3
   916 | D:2      | HP: 1/29 [Terence/+0 short sword (4)]
   916 | D:2      | Mangled by Terence

Illustrated notes

Levels and vault maps discovered:
D:1:      shiori_arrival_whats_in_store_for_you, layout_loops_ring,
          shapermc_ecumenical_altar_hornbeckon, serial_shops,
          nicolae_shop_tiny_glass
D:2:      layout_loops_cross, chequers_decorated_corner,
          minmay_misc_feat_secret_circle, chequers_serial_rivers_large_b,
          uniq_terence

Skill      XL: |  1  2 |
---------------+-------+-----
Dodging        | 1 |  1.8
Armour         | 3 |  3.0
Shields        | 3 |  3.0
Fighting       | |  3.0
Axes           | |  1.7

Action                     || total
---------------------------++-------
  Melee: War axe           ||    77
    Use: Scroll            ||     3
 Armour: Scale mail        ||    45
  Dodge: Dodged            ||    41
  Block: Buckler           ||    37
